 Dungeon Crawl Stone Soup version 0.31-a0-879-g1609e0ac53 (webtiles) character file.

Game seed: 6782931753205118094

4215 Warped the Cleaver (level 10, -14/138 HPs)
             Began as a Naga Fighter on Oct 15, 2023.
             Was a Follower of Makhleb.
             Killed by vampiric draining
             ... invoked by a vampire
              (17 damage)
             ... on level 9 of the Dungeon.
             The game lasted 00:11:28 (8188 turns).

Warped the Cleaver (Naga Fighter)                   Turns: 8188, Time: 00:11:28

Health: -14/138    AC: 14    Str: 18 (21) XL:     10   Next: 30%
Magic:  13/13      EV: 15    Int:  6 (8)  God:    Makhleb [*.....]
Gold:   409        SH:  0    Dex: 13 (15) Spells: 9/9 levels left

rFire   x . .        a - +5 war axe (flame)
rCold   . . .        (no shield)
rNeg    . . .        J - +0 swamp dragon scales
rPois   +            (no helmet)
rElec   .            (no cloak)
rCorr   .            s - +1 pair of gloves
SInv    +            (no barding)
Will    +....        l - amulet of the acrobat Stlth
                     e - +4 ring of protection
HPRegen 0.43/turn    u - +5 ring of evasion
MPRegen 0.13/turn

%: acrobat
@: confused, berserking (expiring), slowed, very slow
A: AC +3, large, see invisible, deformed body, poison resistance, slowness 2,
spit poison 1, naga tail 1, stinger 1, agile 1, heat vulnerability 1
a: Spit Poison, Renounce Religion


You were on level 9 of the Dungeon.
You worshipped Makhleb.
Makhleb was aware of your devotion.
You visited 1 branch of the dungeon, and saw 9 of its levels.
You also visited: Sewer.

You collected 556 gold pieces.
You spent 147 gold pieces at shops.

Inventory:

Hand Weapons
 a - a +5 war axe of flaming (weapon)
 h - a +3 vampiric trident
 j - a +0 halberd
 C - a +0 arbalest
Missiles
 f - 2 throwing nets
 w - 54 stones
Armour
 c - a +0 buckler
 n - a +0 chain mail
 r - a +0 plate armour
 s - a +1 pair of gloves (worn)
 B - an orb of energy
 J - +0 swamp dragon scales (worn)
Jewellery
 e - a +4 ring of protection (left hand)
 l - an amulet of the acrobat (around neck)
 u - a +5 ring of evasion (right hand)
 v - a ring of resist corrosion
 I - a ring of protection from cold
 K - a +4 ring of protection
Talismans
 H - a maw talisman
Wands
 F - a wand of flame (38)
Scrolls
 m - a scroll of enchant armour
 t - a scroll of blinking
 x - 2 scrolls of poison
 y - 2 scrolls of teleportation
 E - 2 scrolls of immolation
Potions
 b - 2 potions of ambrosia
 d - 5 potions of might
 i - a potion of curing
 k - 2 potions of brilliance
 q - a potion of attraction
 z - 2 potions of haste
 A - a potion of lignification
 D - a potion of resistance
 G - a potion of enlightenment
Miscellaneous
 p - a lightning rod (4/4)


   Skills:
 + Level 6.8 Fighting
 + Level 9.5 Axes
 + Level 5.5 Armour
 + Level 4.8 Dodging
 - Level 2.6 Shields
 + Level 4.8 Invocations


You had 9 spell levels left.
You didn't know any spells.
Your spell library contained the following spells:

 Spells                   Type           Power      Damage    Failure   Level
 Call Canine Familiar     Summ           0%         N/A       94%         3
 Sigil of Binding         Hex            0%         N/A       94%         3
 Summon Guardian Golem    Hex/Summ       0%         N/A       94%         3
 Dimensional Bullseye     Hex/Tloc       0%         N/A       100%        4
 Leda's Liquefaction      Hex/Erth       0%         N/A       100%        4
 Orb of Destruction       Conj           0%         9d5       100%        7
 Spellforged Servitor     Conj/Summ      0%         N/A       100%        7


Dungeon Overview and Level Annotations

Branches:
Dungeon (9/15)             Temple (0/1) D:7           Sewer (visited)
   Lair: D:8-11         Orc: D:9-12

Altars:
Dithmenos
Elyvilon
Fedhas
Gozag
Hepliaklqana
Kikubaaqudgha
Makhleb
Nemelex Xobeh
Ru
Sif Muna
Uskayaw
Wu Jian
The Shining One

Shops:
D:5 ?


Innate Abilities, Weirdness & Mutations

Your serpentine skin is tough. (AC +3)
You have supernaturally acute eyesight. (SInv)
Armour fits poorly on your strangely shaped body.
Your system is resistant to poisons. (rPois)
You cover ground very slowly.
You can spit poison.
You have a snake-like lower body.
Your tail ends in a venomous barb.
You are agile. (Dex +4, Str/Int -1)
You are vulnerable to heat. (rF-)


Message History

* * * LOW HITPOINT WARNING * * *
The vampire is healed by the life force!
The wraith hits you.
* * * LOW HITPOINT WARNING * * *
The wraith drains your vigour!
You feel as though you will be slow longer.
You hit the wraith but do no damage.
The wraith is severely damaged.
You hit the vampire. You burn the vampire. The vampire hits you.
* * * LOW HITPOINT WARNING * * *
The vampire bites you.
* * * LOW HITPOINT WARNING * * *
The vampire draws strength from your injuries!
The wraith hits you.
* * * LOW HITPOINT WARNING * * *
The wraith drains your vigour!
You feel as though you will be slow longer.
Unknown command.
You closely miss the wraith. You punch the wraith, but do no damage.
The wraith is severely damaged.
You closely miss the vampire.
The vampire points at you and mumbles some strange words.
You are confused.
The wraith hits you!
* * * LOW HITPOINT WARNING * * *
The wraith drains your vigour!
You feel as though you will be slow longer.
Unknown command.
Unknown command.
You bump into the rock wall.
The vampire draws life force from you!
* * * LOW HITPOINT WARNING * * *
The vampire is healed by the life force!
The wraith misses you.
Unknown command.
Unknown command.
You are too berserk!
You bump into the rock wall.
You feel a strong urge to attack something.
The vampire draws life force from you!
You die...

#≈≈≈≈≈≈~≈ .. ####
#≈≈≈≈≈≈≈≈ .. ....
###≈≈≈≈≈≈≈≈
..###.###.#S≈~~~≈~≈
#.#..............≈≈
#.#.#.....#~~~~~.~≈
#.#.........§....~≈
##V##...##.#≈~~~S~~~
#.)@W...+...........
#####...##.#~~~~S~~~
#...##.#########
#...##.# #...##.#
#...##.# #...##.#
...##.# #.#


You could see a vampire (invisible) and a wraith.

Vanquished Creatures
  Pikel (D:6)
  Jeremiah (D:6)
  A wyvern (D:8)
  3 yaks (D:5)
  2 water moccasins
  Duvessa (D:6)
  3 orc warriors
  2 black bears
  2 ogres
  A centaur (D:8)
  A lemure (D:6)
  2 phantoms
  Blork the orc (D:6)
  4 bullfrogs
  2 kobold brigands
  4 scorpions
  Dowan (D:6)
  4 jellies
  2 howler monkeys
  3 orc priests
  A hound (D:5)
  2 sleepcaps
  3 iguanas
  6 orc wizards
  Robin (D:3)
  4 gnolls (D:3)
  10 adders
  2 white imps
  2 ufetubi (D:5)
  4 worms
  5 dart slugs
  33 orcs
  10 endoplasms
  11 giant cockroaches
  13 goblins
  10 hobgoblins
  6 jackals
  12 kobolds
  18 quokkas
  19 ball pythons
  6 bats
  8 frilled lizards
  9 rats
236 creatures vanquished.

Notes
Turn   | Place    | Note
-------+----------+-------------------------------------------
     0 | D:1      | Warped the Naga Fighter began the quest for the Orb.
     0 | D:1      | Reached XP level 1. HP: 21/21 MP: 1/1
   187 | D:1      | Reached XP level 2. HP: 27/28 MP: 2/2
   239 | D:1      | Reached skill level 3 in Axes
   403 | D:1      | Reached XP level 3. HP: 34/34 MP: 3/3
   836 | D:2      | Reached skill level 4 in Axes
  1052 | D:2      | Reached XP level 4. HP: 42/42 MP: 4/4
  1362 | D:2      | Found a white marble altar of Elyvilon.
  1658 | D:3      | Reached skill level 5 in Axes
  1659 | D:3      | Reached XP level 5. HP: 47/49 MP: 5/5
  1741 | D:3      | Found a glowing drain.
  1748 | Sewer    | Entered a sewer
  1991 | Sewer    | Reached skill level 6 in Axes
  1991 | Sewer    | Reached XP level 6. HP: 49/56 MP: 6/6
  2158 | D:3      | Noticed Robin
  2168 | D:3      | Killed Robin
  2236 | D:3      | Reached skill level 7 in Axes
  2730 | D:3      | Reached XP level 7. HP: 44/62 MP: 7/7
  2978 | D:4      | Reached skill level 1 in Dodging
  3174 | D:4      | Found a burning altar of Makhleb.
  3624 | D:4      | Became a worshipper of Makhleb the Destroyer
  3690 | D:5      | Entered Level 5 of the Dungeon
  3755 | D:5      | Reached XP level 8. HP: 52/72 MP: 8/8
  3966 | D:5      | Noticed a yak
  3968 | D:5      | Noticed a yak
  3969 | D:5      | Noticed a yak
  3983 | D:5      | Killed a yak
  3990 | D:5      | Killed a yak
  3991 | D:5      | Reached skill level 8 in Axes
  3997 | D:5      | Killed a yak
  4246 | D:5      | Found an ornate altar of the Wu Jian Council.
  4371 | D:5      | Reached skill level 5 in Fighting
  4378 | D:5      | Reached skill level 1 in Invocations
  4576 | D:5      | Found Jimorgh Saoch's Magic Scroll Emporium.
  4579 | D:5      | Bought a scroll of teleportation for 42 gold pieces
  4579 | D:5      | Bought a scroll of enchant weapon for 105 gold pieces
  5027 | D:6      | Reached XP level 9. HP: 73/81 MP: 10/10
  5254 | D:6      | Noticed Dowan
  5256 | D:6      | Noticed Blork the orc
  5256 | D:6      | Noticed Duvessa
  5263 | D:6      | Killed Duvessa
  5268 | D:6      | Killed Dowan
  5270 | D:6      | Killed Blork the orc
  5270 | D:6      | Reached * piety under Makhleb
  5386 | D:6      | Noticed Jeremiah
  5409 | D:6      | Gained mutation: You are vulnerable to heat. (rF-) [potion
                  | of mutation]
  5409 | D:6      | Gained mutation: You are agile. (Dex +4, Str/Int -1)
                  | [potion of mutation]
  5409 | D:6      | Gained mutation: Your tail ends in a venomous barb. [potion
                  | of mutation]
  5429 | D:6      | Killed Jeremiah
  5643 | D:6      | Found an ancient bone altar of Kikubaaqudgha.
  5741 | D:6      | Found a sacrificial altar of Ru.
  5819 | D:6      | Noticed Pikel
  5826 | D:6      | Killed Pikel
  5827 | D:6      | Reached skill level 9 in Axes
  5827 | D:6      | Reached skill level 5 in Armour
  5875 | D:6      | Found a hide-covered altar of Uskayaw.
  5875 | D:6      | Found a shimmering blue altar of Sif Muna.
  5876 | D:6      | Found a glowing golden altar of the Shining One.
  5877 | D:6      | Found a sparkling altar of Nemelex Xobeh.
  6302 | D:7      | Found a staircase to the Ecumenical Temple.
  6334 | D:7      | Reached XP level 10. HP: 92/92 MP: 13/13
  6384 | D:7      | Found a hazy altar of Hepliaklqana.
  6812 | D:7      | Found a blossoming altar of Fedhas.
  6921 | D:7      | Found a shadowy altar of Dithmenos.
  6922 | D:7      | Found an opulent altar of Gozag.
  8187 | D:9      | HP: 3/138 [vampire/vampiric draining (11)]
  8188 | D:9      | Killed from afar by a vampire

Illustrated notes

Levels and vault maps discovered:
D:1:      spicycebolla_green_bress_n_ham, layout_loops_ring
D:2:      layout_rooms, basic_altar, fountainhead
D:3:      layout_basic, gup_sewer_entry_bubbles, uniq_robin
D:4:      minmay_skewed_foursquare, layout_gridville, lightli_temple_of_fire
D:5:      layout_basic, nzn_wu_jian_council_hall, serial_shops,
          nicolae_shop_rolled_up
D:6:      layout_loops_corners, nicolae_ru_path_of_blood,
          mainiacjoe_overflow_alcove_1, minitemple, uniq_duvessa, uniq_jeremiah,
          uniq_pikel, uniq_blork_the_orc
D:7:      layout_loops_ring, lemuel_doored_altar, amcnicky_altar_gilded,
          mainiacjoe_overflow_divided_tiny, minmay_temple_entry_large_hall,
          kennysheep_path_1
D:8:      layout_basic
D:9:      layout_basic, david_orc_2, nicolae_where_there's_smoke, uniq_erolcha

Skill      XL: |  1  2  3  4  5  6  7  8  9 |
---------------+----------------------------+-----
Axes           | 3 4 5 6 7 8 9 |  9.5
Dodging        | 1 3 4 |  4.8
Armour         | 3 4 5 |  5.5
Fighting       | 4 5 6 |  6.8
Invocations    | 1 4 |  4.8
Shields        | |  2.6

Action                     |  1- 3 |  4- 6 |  7- 9 | 10-12 || total
---------------------------+-------+-------+-------+-------++-------
  Melee: War axe           |   127 |   196 |   214 |    73 ||   610
         Punch             |       |     1 |     3 |     2 ||     6
  Evoke: Lightning rod     |       |       |     3 |       ||     3
    Use: Scroll            |       |     8 |     4 |     8 ||    20
         Potion            |       |       |     2 |     4 ||     6
 Armour: Scale mail        |    89 |       |       |       ||    89
         Chain mail        |    30 |       |       |       ||    30
         Plate armour      |       |   198 |   188 |    36 ||   422
         Swamp dragon scal |       |       |       |    36 ||    36
  Dodge: Dodged            |    47 |    30 |   118 |    65 ||   260
  Block: Buckler           |    33 |     5 |       |       ||    38

Table legend: (Time is in decaauts)
 A = Elapsed time spent in this place.
 B = Non-inter-level travel time spent in this place.
 C = Inter-level travel time spent in this place.
 D = Time resting spent in this place.
 E = Time spent auto-exploring this place.
 F = Levels seen in this place.
 G = Mean time per level.
                   A        B        C        D        E       F      G
               +--------+--------+--------+--------+--------+-----+--------+
         Total |  10789 |  10337 |    452 |      0 |   8566 |  10 | 1078.9 |
       Dungeon |  10431 |   9979 |    452 |      0 |   8422 |   9 | 1159.0 |
         Sewer |    357 |    357 |      0 |      0 |    144 |   1 |  357.0 |
               +--------+--------+--------+--------+--------+-----+--------+

Top non-repeatable levels by time:
     D:5: 1724 daAuts
     D:6: 1675 daAuts
     D:3: 1479 daAuts
     D:7: 1301 daAuts
     D:4: 1171 daAuts
     D:8: 1125 daAuts
     D:1: 949 daAuts
     D:2: 922 daAuts
   Sewer: 357 daAuts
     D:9: 81 daAuts
